 Dungeon Crawl Stone Soup version 0.24-a0-535-gbb0d440 (webtiles) character file.

Game seed: 11188722461138999825

3250 thomd the Cleaver (level 9, -4/127 HPs)
             Began as a Minotaur Berserker on Aug 9, 2019.
             Was a High Priest of Trog.
             Slain by Harold
             ... wielding a +0 scimitar of holy wrath
              (22 damage)
             ... on level 8 of the Dungeon.
             The game lasted 00:13:48 (8293 turns).

thomd the Cleaver (Minotaur Berserker)              Turns: 8293, Time: 00:13:49

Health: -4/127     AC:  5    Str: 28    XL:     9   Next: 67%
Magic:  0/8        EV: 12    Int:  7    God:    Trog [*****.]
Gold:   535        SH:  0    Dex:  9    Spells: 8/8 levels left

rFire    . . .     SeeInvis .   r - +4 war axe (freeze)
rCold    . . .     Gourm    .   (no shield)
rNeg     . . .     Faith    .   n - +1 robe {MR+}
rPois    .         Spirit   +   (helmet restricted)
rElec    .         Reflect  .   k - scarf {Spirit}
rCorr    .         Harm     .   o - +1 pair of gloves
MR       +....                  (no boots)
Stlth    ..........             s - amulet of guardian spirit
HPRegen  0.31/turn              (no ring)
MPRegen  0.11/turn              (no ring)

@: berserking, lethally poisoned (-4 -> -4), marked, very quick
A: retaliatory headbutt, horns 2
a: Berserk, Trog's Hand, Brothers in Arms, Renounce Religion


You were on level 8 of the Dungeon.
You worshipped Trog.
Trog was extremely pleased with you.
You were hungry.

You visited 1 branch of the dungeon, and saw 8 of its levels.

You collected 535 gold pieces.

Inventory:

Hand Weapons
 a - a +1 hand axe
 b - a +0 war axe
 r - a +4 war axe of freezing (weapon)
Armour
 k - a scarf of spirit shield (worn)
 n - a +1 robe of magic resistance (worn)
 o - a +1 pair of gloves (worn)
Jewellery
 i - an uncursed amulet of magic regeneration
 s - an amulet of guardian spirit (around neck)
Scrolls
 d - 3 scrolls of remove curse
 e - 2 scrolls of noise
 f - 3 scrolls of teleportation
 h - a scroll of amnesia
 j - a scroll of enchant weapon
 t - a scroll of random uselessness {unknown}
 v - a scroll of fog
 w - a scroll of identify
Potions
 g - 5 potions of heal wounds
 l - 3 potions of brilliance
 m - 2 potions of mutation
 p - a potion of might
 q - 3 potions of curing
 u - 2 potions of flight
Comestibles
 c - 11 rations


   Skills:
 + Level 10.1 Fighting
 * Level 13.3 Axes
 - Level 2.4 Armour
 - Level 2.1 Dodging


You had 8 spell levels left.
You didn't know any spells.
Your spell library was empty.

Dungeon Overview and Level Annotations

Branches:
Dungeon (8/15)             Temple (0/1) D:4
   Lair: D:8-11

Altars:
Ashenzari
Elyvilon
Fedhas
Gozag
Hepliaklqana
Kikubaaqudgha
Ru
Sif Muna
Trog
Uskayaw
Xom

Shops:
D:4 *

Annotations:
D:3 1 runed translucent door, Crazy Yiuf
D:4 3 runed translucent doors, chaoswolf's ghost, novice DsBe; jackcabral90's ghost, amateur DsFi
D:8 Harold; Psyche


Innate Abilities, Weirdness & Mutations

You reflexively headbutt those who attack you in melee.
You have a pair of horns on your head.


Message History

Harold is almost dead.
Harold hits you with a +0 scimitar of holy wrath!
You barely miss Harold. Your headbutt misses Harold.
Harold is almost dead.
A hound comes into view.
Harold hits you with a +0 scimitar of holy wrath!!
* * * LOW HITPOINT WARNING * * *
You slash Harold! You freeze Harold.
Harold is almost dead.
A worker ant comes into view.
You barely miss Harold. Your headbutt misses Harold.
Harold is almost dead.
You closely miss the hound.
You feel sick.
You barely miss Harold.
Harold is almost dead.
You slice the hound!! You freeze the hound.
You kill the hound!
Trog accepts your kill.
Harold hits you with a +0 scimitar of holy wrath!!
You die...

######..........#
.......<.######..
## ######...#
..!######÷..#
..........###
####...#.#
#...#.>.
#..@###... #.)@#
##... #...# ##
#.††)......
#...###?###
....@. .......
#.#......
#....##.. ##...
...


You could see Harold and Psyche.

Vanquished Creatures
  A wyvern (D:7)
  Menkaure (D:6)
  A water moccasin (D:7)
  An orc warrior (D:6)
  An ice beast (D:5)
  A sky beast (D:6)
  6 ogres
  A phantom (D:4)
  2 centaurs (D:7)
  3 big kobolds
  2 bullfrogs
  2 scorpions
  4 wights (D:7)
  2 jellies (D:7)
  5 howler monkeys
  2 crimson imps
  A quasit (D:6)
  2 orc priests
  A bullfrog skeleton (D:5)
  9 hounds
  4 orc wizards
  An iguana (D:4)
  2 worker ants (D:4)
  2 worker ant zombies
  A howler monkey zombie (D:6)
  3 gnolls (D:3)
  A howler monkey skeleton (D:4)
  8 adders
  A shadow imp (D:7)
  9 oozes (D:1)
  2 adder skeletons (D:6)
  An adder zombie (D:6)
  5 worms
  2 dart slugs
  6 leopard geckos
  21 orcs
  3 bats (D:2)
  8 giant cockroaches
  4 hobgoblins
  15 jackals
  19 kobolds
  A quokka (D:3)
  2 ball pythons
  4 frilled lizards
  8 goblins
  A jackal skeleton (D:6)
  A jackal zombie (D:5)
  A leopard gecko skeleton (D:4)
  A quokka skeleton (D:4)
  7 rats
192 creatures vanquished.

Vanquished Creatures (others)
  5 toadstools (D:1)
  4 withered plants (D:4)
9 creatures vanquished.

Grand Total: 201 creatures vanquished

Notes
Turn   | Place    | Note
-------+----------+-------------------------------------------
     0 | D:1      | thomd the Minotaur Berserker began the quest for the Orb.
     0 | D:1      | Reached XP level 1. HP: 19/19 MP: 0/0
     1 | D:1      | Found a runed translucent door.
    20 | D:1      | Reached skill level 4 in Axes
    90 | D:1      | Reached XP level 2. HP: 19/27 MP: 1/1
   833 | D:2      | Found a shimmering altar of Xom.
   865 | D:2      | Found an opulent altar of Gozag.
   900 | D:2      | Reached XP level 3. HP: 33/33 MP: 2/2
   931 | D:2      | Reached skill level 5 in Axes
   961 | D:2      | HP: 1/34 [poisoned by an adder]
  1370 | D:2      | Found a hide-covered altar of Uskayaw.
  1379 | D:2      | Reached XP level 4. HP: 33/41 MP: 3/3
  1874 | D:3      | Reached ** piety under Trog
  2053 | D:3      | Found a shimmering blue altar of Sif Muna.
  2129 | D:3      | Reached skill level 5 in Fighting
  2129 | D:3      | Reached skill level 6 in Axes
  2129 | D:3      | Reached XP level 5. HP: 39/48 MP: 4/4
  2175 | D:3      | Found a runed translucent door.
  2176 | D:3      | Noticed Crazy Yiuf
  2900 | D:3      | Found a blossoming altar of Fedhas.
  2907 | D:3      | Found a bloodstained altar of Trog.
  2908 | D:3      | Found an opulent altar of Gozag.
  2908 | D:3      | Found a shattered altar of Ashenzari.
  2937 | D:3      | Found an ancient bone altar of Kikubaaqudgha.
  3128 | D:4      | Found Zosov's Assorted Antiques.
  3172 | D:4      | Found a staircase to the Ecumenical Temple.
  3181 | D:4      | Reached skill level 7 in Axes
  3219 | D:4      | Reached XP level 6. HP: 56/56 MP: 5/5
  3368 | D:4      | Found a runed translucent gate.
  3368 | D:4      | Found a runed translucent gate.
  3368 | D:4      | Found a runed translucent gate.
  3368 | D:4      | Noticed jackcabral90's ghost (amateur DsFi)
  3413 | D:4      | Reached *** piety under Trog
  3752 | D:4      | Noticed chaoswolf's ghost (novice DsBe)
  3772 | D:4      | Reached skill level 8 in Axes
  3796 | D:4      | Reached XP level 7. HP: 48/63 MP: 2/6
  4112 | D:4      | Found a hazy altar of Hepliaklqana.
  4456 | D:5      | Entered Level 5 of the Dungeon
  4459 | D:5      | Reached skill level 9 in Axes
  4944 | D:5      | Reached **** piety under Trog
  5116 | D:5      | Reached XP level 8. HP: 68/73 MP: 7/7
  5296 | D:5      | Found a sacrificial altar of Ru.
  5390 | D:5      | Reached skill level 10 in Axes
  6066 | D:6      | Reached skill level 11 in Axes
  6488 | D:6      | Noticed Menkaure
  6491 | D:6      | Killed Menkaure
  6928 | D:7      | Reached XP level 9. HP: 81/83 MP: 8/8
  6945 | D:7      | Reached skill level 12 in Axes
  7364 | D:7      | Found a white marble altar of Elyvilon.
  8260 | D:8      | Reached ***** piety under Trog
  8260 | D:8      | Reached skill level 13 in Axes
  8272 | D:8      | Reached skill level 10 in Fighting
  8275 | D:8      | Noticed Harold
  8287 | D:8      | Noticed Psyche
  8293 | D:8      | Slain by Harold

Levels and vault maps discovered:
D:1:      dpeg_arrival_caged_fury, layout_loops_ring, minmay_gold_behind_fungi
D:2:      layout_rooms, eat_drink_and_be_merry_uskayaw, old_standard_altar,
          first_ration, nicolae_gozag_cash_rules_everything_around_me
D:3:      layout_loops_ring, nicolae_overflow_hidden_temple, led_sif_book,
          grunt_temple_overflow_open, uniq_crazy_yiuf_cottage
D:4:      layout_rooms, lemuel_coloured_pillars_altar, temple_pool_b,
          gammafunk_ghost_cemetery, serial_shops, kennysheep_little_box,
          hangedman_decor_slide_cut, minmay_diced_spiral
D:5:      layout_basic, minmay_misc_feat_roman, minmay_parallelograms,
          nicolae_ru_sacrificial_ziggurat
D:6:      layout_loops_corners, corexii_shack, uniq_menkaure
D:7:      layout_basic, old_standard_altar
D:8:      layout_rooms, marbit_many_paths, nicolae_tso_besieged_by_evil,
          serial_shops, nicolae_shop_crystal, uniq_harold, uniq_psyche

Skill      XL: |  1  2  3  4  5  6  7  8  9 |
---------------+----------------------------+-----
Axes           | 4 5 6 7 8 9 11 13 | 13.3
Fighting       | 4 5 6 7 9 10 | 10.1
Armour         | |  2.4
Dodging        | |  2.1

Action                   |  1- 3 |  4- 6 |  7- 9 || total
-------------------------+-------+-------+-------++-------
Melee: Hand axe          |    72 |   149 |   141 ||   362
       Headbutt          |    14 |    27 |    52 ||    93
       War axe           |       |       |   149 ||   149
Invok: Berserk           |       |       |     4 ||     4
       Trog's Hand       |       |       |     1 ||     1
  Use: Potion            |     1 |       |     1 ||     2
       Scroll            |       |    11 |     5 ||    16
  Eat: Chunk             |     1 |     8 |    11 ||    20
       Ration            |       |       |     2 ||     2
Armor: Animal skin       |    14 |     2 |       ||    16
       Robe              |       |    19 |    67 ||    86
Dodge: Dodged            |    44 |    87 |   133 ||   264

Table legend:
 A = Non-vault XP
 B = Vault XP
 C = Vault XP percentage of total XP
 D = Non-vault monster count
 E = Vault monster count
 F = Vault count percentage of total count
                 A         B        C        D         E       F
            +---------+---------+-------+---------+---------+-------
      Total |    4305 |     338 |   7.3 |     166 |      26 |  13.5
            +---------+---------+-------+---------+---------+-------
        D:1 |      38 |      82 |  68.3 |      14 |      21 |  60.0
        D:2 |      66 |       0 |   0.0 |      14 |       0 |   0.0
        D:3 |     160 |      40 |  20.0 |      35 |       1 |   2.8
        D:4 |     692 |      43 |   5.9 |      28 |       2 |   6.7
        D:5 |     434 |       0 |   0.0 |      10 |       0 |   0.0
        D:6 |     705 |     173 |  19.7 |      16 |       2 |  11.1
        D:7 |    1663 |       0 |   0.0 |      36 |       0 |   0.0
        D:8 |     547 |       0 |   0.0 |      13 |       0 |   0.0
            +---------+---------+-------+---------+---------+-------
